 Dungeon Crawl Stone Soup version 0.17.0-23-g0de4337 (webtiles) character file.

27 RepoMan the Grasshopper (level 2, 0/22 HPs)
             Began as a Demonspawn Warper on Nov 13, 2015.
             Succumbed to an adder's poison
             ... on level 2 of the Dungeon.
             The game lasted 00:05:48 (1471 turns).

RepoMan the Grasshopper (Demonspawn Warper)         Turns: 1471, Time: 00:05:49

Health: 0/22       AC:  4    Str: 16    XL:     2   Next: 93%
Magic:  1/5        EV: 11    Int: 14    God:
Gold:   99         SH:  0    Dex: 12    Spells: 2 memorised, 2 levels left

rFire  . . .     SeeInvis .     a - +0 spear
rCold  . . .     Clarity  .     b - +0 leather armour
rNeg   . . .     SustAt   .     (no shield)
rPois  .         Gourm    .     (no helmet)
rElec  .         Spirit   .     (no cloak)
rCorr  .         Warding  .     (no gloves)
rMut   .         Stasis   .     n - +0 pair of boots
MR     .....                    (no amulet)
Stlth  +.........               (no ring)
                                (no ring)

@: mighty, lethally poisoned (0 -> -1), not resistant to hostile enchantments,
very unstealthy
A: claws 1
a: no special abilities


You were on level 2 of the Dungeon.
You were hungry.

You visited 1 branch of the dungeon, and saw 2 of its levels.

You collected 99 gold pieces.

Inventory:

Hand Weapons
 a - a +0 spear (weapon)
Missiles
 e - 5 tomahawks of dispersal (quivered)
 h - 29 bolts
Armour
 b - a +0 leather armour (worn)
 n - a +0 pair of boots (worn)
Jewellery
 o - a cursed ring of teleportation {unknown}
Scrolls
 d - a scroll of blinking
 g - a scroll of fear {unknown}
 i - a scroll of magic mapping {unknown}
 j - a scroll of remove curse {unknown}
 q - a scroll of identify {unknown}
 r - a scroll of teleportation {unknown}
Potions
 p - a potion of heal wounds {unknown}
Books
 c - a book of Spatial Translocations

   Spells                             Type                      Level
   a - Apportation                    Translocation                1
   b - Blink                          Translocation                2
   c - Shroud of Golubria             Charms/Translocation         2
   d - Portal Projectile              Translocation                3
   e - Teleport Other                 Translocation                3
   f - Passage of Golubria            Translocation                4
Comestibles
 f - 2 bread rations
 k - a meat ration


   Skills:
 - Level 2.0 Fighting
 + Level 2.1 Polearms
 - Level 0.8 Throwing
 - Level 0.8 Armour
 - Level 1.7 Dodging
 + Level 2.2 Spellcasting
 * Level 3.3 Translocations


You had 2 spell levels left.
You knew the following spells:

 Your Spells              Type           Power        Failure   Level  Hunger
a - Apportation           Tloc           ##........   10%         1    #......
b - Blink                 Tloc           N/A          14%         2    ###....


Dungeon Overview and Level Annotations

Branches:
Dungeon (2/15)

Altars:


Innate Abilities, Weirdness & Mutations

You have sharp fingernails.


Message History

The adder misses you.
You closely miss the adder.
The adder is moderately wounded.
You feel sick. The adder closely misses you. The adder bites you.
You hit the adder.
The adder is heavily wounded.
The adder bites you.
* * * LOW HITPOINT WARNING * * *
You hit the adder.
The adder is heavily wounded.
The adder bites you.
* * * LOW HITPOINT WARNING * * *
You hit the adder.
The adder is severely wounded.
The adder bites you but does no damage. The adder bites you.
* * * LOW HITPOINT WARNING * * *
Drink which item? (? for menu, Esc to quit)
It was a potion of might.
You feel very mighty all of a sudden.
You die...

#.#...###..........)##.# #.
#.......#.###.#.###.##.###.
#.#.....#..##.#.# #(##.##..
#.............#.# #.##.#...
###..>..#>#### #(.......
#.....#.# ####.#...
##...##.# #.##.. ##..##S#
#.###. #..##@# #.# #.
#..........# ###.###.
#.###........ ...(.... #.#
######### ###..... #..
........ ### ########


You could see an adder.

Vanquished Creatures
  An adder (D:2)
  A giant gecko (D:1)
  2 giant cockroaches
  3 goblins
  2 hobgoblins
  2 bats (D:1)
  2 giant newts
  3 kobolds
  4 rats
20 creatures vanquished.

Vanquished Creatures (others)
  A bat (D:1)
1 creature vanquished.

Grand Total: 21 creatures vanquished

Notes
Turn   | Place    | Note
--------------------------------------------------------------
     0 | D:1      | RepoMan the Demonspawn Warper began the quest for the Orb.
     0 | D:1      | Reached XP level 1. HP: 16/16 MP: 3/3
   437 | D:1      | Reached skill level 3 in Translocations
   479 | D:1      | Gained mutation: You have sharp fingernails. [demonic ancestry]
   479 | D:1      | Reached XP level 2. HP: 22/22 MP: 5/5
   501 | D:1      | Learned a level 2 spell: Blink
  1470 | D:2      | HP: 1/22 [adder (1)]
  1471 | D:2      | Succumbed to an adder's poison

Action                   || total
-------------------------++-------
Melee: Spear             ||   106
 Cast: Apportation       ||     2
       Blink             ||     2
  Use: Potion            ||     1
 Stab: Sleeping          ||     1
  Eat: Chunk             ||     1
